 Dungeon Crawl Stone Soup version 0.17-a0-1945-gfe993df (webtiles) character file.

9 dpvblackbelt the Sneak (level 2, -5/19 HPs)
             Began as a Vampire Enchanter on Sept 30, 2015.
             Slain by a gnoll
             ... wielding a +0 short sword
              (10 damage)
             ... on level 1 of the Dungeon.
             The game lasted 00:02:11 (2520 turns).

dpvblackbelt the Sneak (Vampire Enchanter)          Turns: 2520, Time: 00:02:11

Health: -5/19      AC:  3    Str:  7    XL:     2   Next: 3%
Magic:  4/5        EV: 12    Int: 17    God:
Gold:   9          SH:  0    Dex: 14    Spells: 1 memorised, 4 levels left

rFire  . . .     SeeInvis +     a - +1 dagger
rCold  + + .     Clarity  .     b - +1 robe
rNeg   + + +     SustAt   .     (no shield)
rPois  +         Gourm    .     (no helmet)
rElec  .         Spirit   .     (no cloak)
rCorr  .         Warding  .     (no gloves)
rMut   .         Stasis   .     (no boots)
MR     .....                    (no amulet)
Stlth  ++++......               (no ring)
                                (no ring)

@: regenerating slowly, not resistant to hostile enchantments, stealthy
A: fangs 3, see invisible, unbreathing
a: no special abilities


You were on level 1 of the Dungeon.
You were near bloodless.

You visited 1 branch of the dungeon, and saw 1 of its levels.

You collected 9 gold pieces.

Inventory:

Hand weapons
 a - a +1 dagger (weapon)
Armour
 b - a +1 robe (worn)
Potions
 d - a potion of cancellation {unknown}
Books
 c - a book of Maledictions


   Skills:
 - Level 1.1 Short Blades
 - Level 2.1 Dodging
 + Level 5.4 Stealth
 - Level 2.0 Spellcasting
 - Level 4.4 Hexes


You had 4 spell levels left.
You knew the following spells:

 Your Spells              Type           Power        Failure   Level  Hunger
v - Corona                Hex            ###....      3%          1    #......


Dungeon Overview and Level Annotations

Branches:
Dungeon (1/15)

Altars:


Innate Abilities, Weirdness & Mutations

You heal slowly.
You have razor-sharp teeth.
You have supernaturally acute eyesight.
You can survive without breathing.


Message History

You barely miss the bat. Your bite misses the bat. The bat misses you.
There are monsters nearby!
You closely miss the goblin. You bite the goblin.
You draw the goblin's blood!
You feel better.
You feel slightly less thirsty. The bat hits you but does no damage.
The goblin barely misses you.
Health restored: 13 You hit the goblin.
You kill the goblin!
Your Stealth skill increases to level 5!
The bat misses you.
Unknown command.
The bat hits you.
You take 1 damage, and have 12/13 hp.
The bat closely misses you.
The giant cockroach waves its antennae.
The bat closely misses you. The bat hits you but does no damage.
You hit the giant cockroach.
You bite the giant cockroach, but do no damage.
The giant cockroach closely misses you.
You hit the giant cockroach but do no damage.
The giant cockroach closely misses you.
You closely miss the giant cockroach. The giant cockroach bites you.
You take 2 damage, and have 10/13 hp.
You hit the giant cockroach but do no damage.
The giant cockroach bites you but does no damage.
The giant cockroach completely misses you.
You hit the giant cockroach. Your bite misses the giant cockroach.
The giant cockroach misses you.
You hit the giant cockroach but do no damage.
Your bite misses the giant cockroach.
The giant cockroach bites you but does no damage.
You completely miss the giant cockroach.
The giant cockroach misses you.
You hit the giant cockroach. You bite the giant cockroach.
The giant cockroach bites you.
You take 2 damage, and have 8/13 hp.
You hit the giant cockroach but do no damage.
The giant cockroach closely misses you.
You barely miss the giant cockroach. The giant cockroach closely misses you.
You hit the giant cockroach.
You kill the giant cockroach!
A bat is nearby!
You start resting.
A bat comes into view.
You start resting.
You feel devoid of blood!
No target in view!
There are monsters nearby!
The bat completely misses you. The bat barely misses you.
There are monsters nearby!
You barely miss the bat. The bat closely misses you.
The bat hits you but does no damage. The bat hits you.
You take 1 damage, and have 10/13 hp.
There are monsters nearby!
The bat barely misses you. The bat closely misses you.
There are monsters nearby!
You hit the bat but do no damage. The bat closely misses you.
The bat misses you.
There are monsters nearby!
You hit the bat.
You kill the bat!
You have reached level 2!
The bat hits you but does no damage.
You regained 4 hp, and now have 14/19 hp.
MP restored: 5 You hit the bat.
You kill the bat!
d - a green potion You now have 9 gold pieces.
Things that are here:
a short sword; 3 tomahawks; a kobold corpse No target in view!
You see here a goblin corpse.
A gnoll comes into view. It is wielding a short sword.
A gnoll is nearby!
The gnoll shouts!
The gnoll drinks a potion.
The gnoll seems to speed up.
You closely miss the gnoll. Your bite misses the gnoll.
The gnoll barely misses you.
You hit the gnoll. The gnoll misses you. The gnoll completely misses you.
You barely miss the gnoll. You bite the gnoll.
You draw the gnoll's blood!
You feel better.
You feel almost devoid of blood! The gnoll barely misses you.
You regained 2 hp, and now have 16/19 hp.
You hit the gnoll but do no damage. The gnoll barely misses you.
The gnoll hits you with a short sword.
You take 3 damage, and have 13/19 hp.
You closely miss the gnoll. The gnoll hits you with a short sword.
You take 1 damage, and have 12/19 hp.
You closely miss the gnoll. The gnoll hits you with a short sword!
* * * LOW HITPOINT WARNING * * *
You take 7 damage, and have 5/19 hp.
MASSIVE DAMAGE!!
Aim: a gnoll, wielding a short sword (heavily wounded, fast, chance to defeat MR: 62%)
The gnoll is outlined in light.
The gnoll hits you with a short sword!
Ouch! That really hurt!
You die...

.♣♣ #.....# ..♣
#####.....# ..#
..♣####.........#
..###
...##...)........
...'. ..###.#..†...###
...#
......#......#####...#
......#..............#
#####.#..............#
..#####.....@....# ###
#......g...#
#..........#
#......####...
#......# .. .........
. ##......## #......#


You could see a gnoll.

Vanquished Creatures
  2 bats (D:1)
  2 giant cockroaches (D:1)
  A goblin (D:1)
  A giant newt (D:1)
  A kobold (D:1)
  2 rats (D:1)
9 creatures vanquished.

Notes
Turn   | Place    | Note
--------------------------------------------------------------
     0 | D:1      | dpvblackbelt the Vampire Enchanter began the quest for the Orb.
     0 | D:1      | Reached XP level 1. HP: 13/13 MP: 3/3
  2342 | D:1      | Reached skill level 5 in Stealth
  2501 | D:1      | Reached XP level 2. HP: 14/19 MP: 5/5
  2520 | D:1      | Slain by a gnoll

Vault maps used:
D:1:      sevenhm_arrival_forest_fort_large_4

Action                   || total
-------------------------++-------
Melee: Dagger            ||    39
 Cast: Corona            ||     1
 Stab: Sleeping          ||     1

Vault maps used:
D:1:      sevenhm_arrival_forest_fort_large_4

Table legend:
 A = Turns spent in this place as a percentage of turns spent in the entire game.
 B = Non-inter-level travel turns spent in this place as a percentage of non-inter-level travel turns spent in the entire game.
 C = Inter-level travel turns spent in this place as a percentage of turns spent in this place.
 D = Turns resting spent in this place as a percentage of non-inter-level travel turns spent in this place.
 E = Turns spent auto-exploring this place as a percentage of non-inter-level travel turns spent in this place.
 F = Non-inter-level travel turns spent in this place divided by the number of levels of this place that you've seen.
                   A       B       C       D       E      F
               +-------+-------+-------+-------+-------+----------------------
         Total | 100.0 | 100.0 |   0.0 |  22.1 |   4.7 | 149.0
       Dungeon | 100.0 | 100.0 |   0.0 |  22.1 |   4.7 | 149.0
               +-------+-------+-------+-------+-------+----------------------

Table legend:
 A = Kills in this place as a percentage of kills in entire the game.
 B = Kills by you in this place as a percentage of kills by you in the entire game.
 C = Kills by friends in this place as a percentage of kills by friends in the entire game.
 D = Other kills in this place as a percentage of other kills in the entire game.
 E = Experience gained in this place as a percentage of experience gained in the entire game.
 F = Experience gained in this place divided by the number of levels of this place that you have seen.
                   A       B       C       D       E      F
               +-------+-------+-------+-------+-------+----------------------
         Total | 100.0 | 100.0 |  -nan |  -nan | 100.0 |  13.0
       Dungeon | 100.0 | 100.0 |  -nan |  -nan | 100.0 |  13.0
               +-------+-------+-------+-------+-------+----------------------
